 Dungeon Crawl Stone Soup version 0.25.1-8-g42b30a86e7 (webtiles) character file.

Game seed: 18337148464832855335

33 Gabide the Skirmisher (level 3, -3/29 HPs)
             Began as a Human Abyssal Knight on Dec 4, 2020.
             Was a Follower of Lugonu.
             Killed from afar by Natasha (7 damage)
             ... with a magic dart
             ... on level 2 of the Dungeon.
             The game lasted 00:01:38 (1190 turns).

Gabide the Skirmisher (Human Abyssal Knight)        Turns: 1190, Time: 00:01:40

Health: -3/29      AC:  3    Str: 13    XL:     3   Next: 47%
Magic:  4/4        EV: 11    Int: 12    God:    Lugonu [*.....]
Gold:   33         SH:  0    Dex: 12    Spells: 2/2 levels left

rFire    . . .     SeeInvis .   a - +2 spear
rCold    . . .     Gourm    .   (no shield)
rNeg     . . .     Faith    .   b - +0 leather armour
rPois    .         Spirit   .   (no helmet)
rElec    .         Reflect  .   (no cloak)
rCorr    .         Harm     .   (no gloves)
MR       .....                  (no boots)
Stlth    +.........             e - amulet of magic regeneration
HPRegen  0.09/turn              (no ring)
MPRegen  0.34/turn              (no ring)

@: slowed, very slow
A: no striking features
a: Depart the Abyss, Renounce Religion


You were on level 2 of the Dungeon.
You worshipped Lugonu.
Lugonu was aware of your devotion.
You were not hungry.

You visited 1 branch of the dungeon, and saw 2 of its levels.
You visited the Abyss 1 time.

You collected 33 gold pieces.

Inventory:

Hand Weapons
 a - a +2 spear (weapon)
Armour
 b - a +0 leather armour (worn)
Jewellery
 e - an amulet of magic regeneration (around neck)
Wands
 i - a wand of acid (10)
Scrolls
 d - a scroll of remove curse
 g - a scroll of immolation {unknown}
 h - a scroll of amnesia
Potions
 j - a potion of curing {unknown}
Comestibles
 c - 2 rations
 f - a chunk of flesh


   Skills:
 + Level 3.5 Fighting
 + Level 2.3 Polearms
 + Level 2.3 Armour
 + Level 1.0 Dodging
 * Level 2.5 Invocations


You had 2 spell levels left.
You didn't know any spells.
Your spell library was empty.

Dungeon Overview and Level Annotations

Branches:
Dungeon (2/15)

Altars:

Annotations:
D:2 Natasha


Message History

Natasha is heavily wounded.
Natasha closely misses you. Natasha claws you.
Natasha zaps a wand.
You resist with significant effort.
You closely miss Natasha.
Natasha is heavily wounded.
Natasha stares at you and mumbles some strange words.
The magic dart hits you. Natasha casts a spell at you. The magic dart hits you.
You closely miss Natasha.
Natasha is heavily wounded.
Natasha claws you.
* * * LOW HITPOINT WARNING * * *
You barely miss Natasha.
Natasha is heavily wounded.
Natasha claws you.
* * * LOW HITPOINT WARNING * * *
Natasha stares at you and mumbles some strange words.
The magic dart hits you!
You die...

#.......## #.#. ###....##<
#... #..#.##. ... #.##.##.
..# #....... #.# ####.###
#s# ### ####.###
#####h###.######.......
#.#...?.@..........##.##.
....###.#.....#....รท.....
#...............#..#.....
.##.##..........#...#.##.
#............##..#..)..
#.#####.>...###...>.... ..
##........##..##. .#
#...#######..... #...#
#..##<


You could see a scorpion and Natasha.

Vanquished Creatures
  An ooze (D:1)
  2 dart slugs (D:1)
  A bat (D:1)
  4 giant cockroaches (D:1)
  A goblin (D:1)
  3 hobgoblins (D:1)
  2 jackals (D:1)
  3 kobolds
  A quokka (D:2)
  4 rats (D:1)
22 creatures vanquished.

Notes
Turn   | Place    | Note
-------+----------+-------------------------------------------
     0 | Abyss:1  | Gabide the Human Abyssal Knight began the quest for the
                  | Orb.
     0 | Abyss:1  | Reached XP level 1. HP: 18/18 MP: 2/2
    46 | Abyss:1  | Noticed a thrashing horror
    49 | D:1      | Escaped the Abyss
   171 | D:1      | Reached * piety under Lugonu
   178 | D:1      | Reached XP level 2. HP: 11/24 MP: 3/3
   582 | D:1      | Reached XP level 3. HP: 29/29 MP: 4/4
  1181 | D:2      | Noticed Natasha
  1185 | D:2      | Noticed a scorpion
  1190 | D:2      | Killed from afar by Natasha

Illustrated notes

Levels and vault maps discovered:
D:1:      matt_arrival_los_fun, layout_loops_cross,
          minmay_misc_feat_more_columns, minmay_large_rounded_square,
          hangedman_decor_clover_reticule
D:2:      layout_loops_cross, nicolae_ru_path_of_blood, minivault_11,
          uniq_natasha

Action                   || total
-------------------------++-------
Melee: Spear             ||    76
Invok: Depart the Abyss  ||     1
  Use: Scroll            ||     5
  Eat: Chunk             ||     1
Armor: Leather armour    ||    14
Dodge: Dodged            ||    29
